 Dungeon Crawl Stone Soup version 0.26-a0-154-g3d63440f56 (webtiles) character file.

Game seed: 15828079135038154606

163 MrRokkomies the Bolt Thrower (level 5, -1/49 HPs)
             Began as a Kobold Hunter on July 1, 2020.
             Slain by a hornet zombie (8 damage)
             ... on level 3 of the Dungeon.
             The game lasted 00:06:59 (2696 turns).

MrRokkomies the Bolt Thrower (Kobold Hunter)        Turns: 2696, Time: 00:07:00

Health: -1/49      AC: 22    Str: 11    XL:     5   Next: 72%
Magic:  5/5        EV:  3    Int: 12    God:
Gold:   87         SH:  0    Dex: 15    Spells: 4/4 levels left

rFire    . . .     SeeInvis .   a - +1 hand crossbow
rCold    . . .     Faith    .   (shield restricted)
rNeg     + + +     Spirit   .   (armour currently unavailable)
rPois    +         Reflect  .   (helmet currently unavailable)
rElec    .         Harm     .   (cloak currently unavailable)
rCorr    .         NoTele   +   (gloves currently unavailable)
MR       .....                  (boots currently unavailable)
Stlth    ++........             (no amulet)
HPRegen  0.16/turn              (no ring)
MPRegen  0.09/turn              (no ring)

@: tree-form
A: small, carnivore
a: no special abilities


You were on level 3 of the Dungeon.
You were completely stuffed.
You were a tree.
You visited 1 branch of the dungeon, and saw 3 of its levels.

You collected 87 gold pieces.

Inventory:

Hand Weapons
 a - a +1 hand crossbow (weapon)
 b - a +1 short sword of venom
Missiles
 d - 16 bolts (quivered)
Armour
 c - a +0 leather armour
 g - a +0 scale mail (melded)
Scrolls
 h - a scroll of fear {unknown}
Comestibles
 f - 2 rations
 i - 4 chunks of flesh


   Skills:
 * Level 3.8 Fighting
 * Level 6.1 Crossbows
 + Level 3.4 Dodging
 + Level 3.0 Stealth


You had 4 spell levels left.
You didn't know any spells.
Your spell library was empty.

Dungeon Overview and Level Annotations

Branches:
Dungeon (3/15)

Altars:


Innate Abilities, Weirdness & Mutations

You are small and have problems with some larger weapons.
You are carnivorous and can eat meat at any time.


Message History

The hornet zombie hits you but does no damage. x2
Firing (i - inventory)
d - 19 bolts (quivered)
Press: ? - help, Shift-Dir - straight line, f/p - hornet zombie
Aim: a hornet zombie (almost destroyed)
You shoot a bolt.
The bolt closely misses the hornet zombie.
The hornet zombie hits you but does no damage.
Firing (i - inventory)
d - 18 bolts (quivered)
Press: ? - help, Shift-Dir - straight line, f/p - hornet zombie
Aim: a hornet zombie (almost destroyed)
You shoot a bolt.
The bolt closely misses the hornet zombie.
The hornet zombie hits you but does no damage. x2
Firing (i - inventory)
d - 17 bolts (quivered)
Press: ? - help, Shift-Dir - straight line, f/p - hornet zombie
Aim: a hornet zombie (almost destroyed)
You shoot a bolt. The bolt hits the hornet zombie.
The hornet zombie is almost destroyed.
The hornet zombie hits you!
You die...

..........# ..........#
..........# ### #
..........##+##.. ..
.....##'####.##.# ...
####.##.####.##.# .)..
#.##...##.##.###.....
#.##...'..##.))...###
####.##...##....7)......
.....##...##.....Z......
#######...##......(###..
#.....######.......#
...##.# #.......#
#####.# #.......# #.#
#.......# #.# #.......#
# #.#


You could see a hornet zombie.

Vanquished Creatures
  An orc priest (D:3)
  Natasha (D:3)
  A worker ant (D:2)
  2 adders (D:2)
  2 dart slugs
  2 leopard geckos
  2 orcs (D:3)
  6 bats (D:1)
  3 giant cockroaches
  10 goblins
  6 hobgoblins (D:1)
  6 jackals
  5 kobolds
  A quokka (D:3)
  2 ball pythons
  2 frilled lizards (D:1)
  5 rats
57 creatures vanquished.

Notes
Turn   | Place    | Note
-------+----------+-------------------------------------------
     0 | D:1      | MrRokkomies the Kobold Hunter began the quest for the Orb.
     0 | D:1      | Reached XP level 1. HP: 12/12 MP: 1/1
    95 | D:1      | Reached skill level 5 in Crossbows
   109 | D:1      | Reached XP level 2. HP: 18/18 MP: 2/2
   679 | D:1      | Reached XP level 3. HP: 22/22 MP: 3/3
  1586 | D:2      | Reached XP level 4. HP: 26/28 MP: 4/4
  2333 | D:2      | Reached XP level 5. HP: 27/32 MP: 5/5
  2457 | D:3      | Noticed Natasha
  2466 | D:3      | Killed Natasha
  2547 | D:3      | Reached skill level 6 in Crossbows
  2696 | D:3      | Slain by a hornet zombie

Illustrated notes

Levels and vault maps discovered:
D:1:      dpeg_arrival_subterranean_lakeside_camping, layout_loops_corners
D:2:      layout_loops_ring
D:3:      layout_basic, ebering_ghost_rock_garden, portal_sewer_entry_d,
          uniq_natasha

Skill      XL: |  1  2  3  4  5 |
---------------+----------------+-----
Crossbows      | 5 6 |  6.1
Stealth        | 2 3 |  3.0
Fighting       | 3 |  3.8
Dodging        | 3 |  3.4

Action                   |  1- 3 |  4- 6 || total
-------------------------+-------+-------++-------
Melee: Short sword       |   170 |    78 ||   248
 Fire: Hand crossbow     |     6 |    18 ||    24
  Use: Scroll            |     1 |       ||     1
       Potion            |       |     2 ||     2
 Stab: Sleeping          |     6 |       ||     6
  Eat: Chunk             |    11 |     3 ||    14
Armor: Leather armour    |    41 |     3 ||    44
       Scale mail        |       |    30 ||    30
       Skin              |       |    55 ||    55
Dodge: Dodged            |   151 |    53 ||   204

Table legend:
 A = Non-vault XP
 B = Vault XP
 C = Vault XP percentage of total XP
 D = Non-vault monster count
 E = Vault monster count
 F = Vault count percentage of total count
                 A         B        C        D         E       F
            +---------+---------+-------+---------+---------+-------
      Total |     188 |      45 |  19.3 |      50 |       7 |  12.3
            +---------+---------+-------+---------+---------+-------
        D:1 |      41 |       9 |  18.0 |      24 |       6 |  20.0
        D:2 |      90 |       0 |   0.0 |      17 |       0 |   0.0
        D:3 |      57 |      36 |  38.7 |       9 |       1 |  10.0
            +---------+---------+-------+---------+---------+-------
